 Dungeon Crawl Stone Soup version 0.25.1-2-g60ff931df9 (webtiles) character file.

Game seed: 10216571084944802990

1229 hehateme the Cleaver (level 8, -4/70 HPs)
             Began as a Hill Orc Fighter on Oct 13, 2020.
             Slain by a hornet (5 damage)
             ... on level 7 of the Dungeon on Oct 15, 2020.
             The game lasted 00:22:58 (2891 turns).

hehateme the Cleaver (Hill Orc Fighter)             Turns: 2891, Time: 00:22:58

Health: -4/70      AC: 15    Str: 21      XL:     8   Next: 48%
Magic:  8/8        EV:  6    Int:  8      God:
Gold:   180        SH:  0    Dex:  4 (10) Spells: 7/7 levels left

rFire    . . .     SeeInvis .   j - +0 battleaxe
rCold    . . .     Gourm    .   (shield currently unavailable)
rNeg     + . .     Faith    .   l - +2 plate armour {rN+}
rPois    .         Spirit   .   n - +1 hat
rElec    .         Reflect  .   (no cloak)
rCorr    .         Harm     .   (no gloves)
MR       .....                  (no boots)
Stlth    ..........             (no amulet)
HPRegen  0.21/turn              (no ring)
MPRegen  0.11/turn              (no ring)

@: lethally poisoned (-4 -> -12), slowed, very slow
A: no striking features
a: no special abilities


You were on level 7 of the Dungeon.
You were not hungry.

You visited 1 branch of the dungeon, and saw 7 of its levels.

You collected 180 gold pieces.

Inventory:

Hand Weapons
 a - a +0 war axe
 j - a +0 battleaxe (weapon)
Armour
 b - a +0 scale mail
 c - a +0 kite shield
 i - a +0 chain mail
 l - a +2 plate armour of positive energy (worn)
 n - a +1 hat (worn)
 o - a +1 plate armour
Jewellery
 e - an uncursed ring of protection from fire {unknown}
Wands
 k - a wand of digging (5)
 q - a wand of flame (21)
Scrolls
 g - 5 scrolls of teleportation
 h - 2 scrolls of remove curse
 m - 4 scrolls of identify
Potions
 d - 2 potions of might
 p - a potion of curing
Comestibles
 f - 5 rations


   Skills:
 + Level 5.9 Fighting
 + Level 9.3 Axes
 + Level 5.6 Armour
 + Level 1.2 Dodging
 + Level 5.3 Shields


You had 7 spell levels left.
You didn't know any spells.
Your spell library was empty.

Dungeon Overview and Level Annotations

Branches:
Dungeon (7/15)             Temple (0/1) D:4

Altars:
Gozag
Qazlal
Uskayaw


Message History

You hit the hornet but do no damage.
The hornet is moderately wounded.
You feel sick. The hornet completely misses you. The hornet stings you.
* * * LOW HITPOINT WARNING * * *
You feel as though you will be slow longer.
The hornet stings you.
* * * LOW HITPOINT WARNING * * *
You feel as though you will be slow longer.
As you read the scroll of teleportation, it crumbles to dust.
You feel strangely unstable.
* * * LOW HITPOINT WARNING * * *
You feel sick. The hornet closely misses you. The hornet stings you!
* * * LOW HITPOINT WARNING * * *
You feel as though you will be slow longer.
Your surroundings seem slightly different.
* * * LOW HITPOINT WARNING * * *
You feel sick.
The hornet stings you but does no damage.
The hornet stings you.
You die...

#.#..#.#.#.#.............
#.#..#.#.#.#>..........).
#.#..#.#.#.#.############
#.#..#.#.#...# ..
#.#..#.#.##### ....
#.#....#§# ......
#.##.###.###### ...!..
#......#y.....# ......
####.#.#@.....+ ##....
#.†#.##.....# #.## #
.....# ###.##.# .....#
#######......# .....#
#.....#.#.#### ######
#.###.#.#.# #.# #.#.#.#
#.# #.#.#.#


You could see a hornet.

Vanquished Creatures
  Sigmund (D:2)
  Menkaure (D:7)
  An ogre (D:4)
  2 scorpions (D:4)
  A crimson imp (D:5)
  A jelly (D:5)
  A quasit (D:7)
  A gnoll shaman (D:5)
  2 orc priests
  6 hounds
  An orc wizard (D:7)
  2 centaur skeletons
  An iguana (D:4)
  2 worker ants
  A killer bee zombie (D:7)
  A hound skeleton (D:7)
  4 adders
  9 gnolls
  2 shadow imps
  An adder skeleton (D:5)
  A dart slug (D:1)
  2 leopard geckos
  19 orcs
  2 giant cockroaches
  4 goblins (D:1)
  4 hobgoblins
  4 jackals (D:1)
  5 kobolds (D:1)
  2 bats (D:1)
  A jackal skeleton (D:5)
  3 rats (D:1)
88 creatures vanquished.

Notes
Turn   | Place    | Note
-------+----------+-------------------------------------------
     0 | D:1      | hehateme the Hill Orc Fighter began the quest for the Orb.
     0 | D:1      | Reached XP level 1. HP: 19/19 MP: 1/1
   154 | D:1      | Reached XP level 2. HP: 25/27 MP: 2/2
   170 | D:1      | Reached skill level 3 in Axes
   231 | D:2      | Noticed Sigmund
   304 | D:1      | Reached XP level 3. HP: 33/33 MP: 3/3
   503 | D:2      | Killed Sigmund
   503 | D:2      | Reached skill level 5 in Axes
   503 | D:2      | Reached XP level 4. HP: 41/41 MP: 4/4
   503 | D:2      | Reached XP level 5. HP: 47/47 MP: 5/5
   670 | D:4      | Reached skill level 6 in Axes
   670 | D:4      | Reached XP level 6. HP: 39/53 MP: 6/6
  1019 | D:4      | Found a stormy altar of Qazlal.
  1034 | D:4      | Reached skill level 5 in Fighting
  1034 | D:4      | Reached XP level 7. HP: 61/61 MP: 7/7
  1096 | D:4      | Reached skill level 7 in Axes
  1279 | D:4      | Found a staircase to the Ecumenical Temple.
  1342 | D:5      | Entered Level 5 of the Dungeon
  1604 | D:5      | Reached skill level 8 in Axes
  1786 | D:6      | Reached skill level 5 in Armour
  1838 | D:6      | Reached XP level 8. HP: 65/69 MP: 8/8
  1877 | D:6      | Reached skill level 1 in Dodging
  1877 | D:6      | Reached skill level 5 in Shields
  1968 | D:6      | Found an opulent altar of Gozag.
  2222 | D:7      | Noticed Menkaure
  2226 | D:7      | Killed Menkaure
  2226 | D:7      | Reached skill level 9 in Axes
  2382 | D:7      | Found a hide-covered altar of Uskayaw.
  2877 | D:7      | Noticed a hornet
  2890 | D:7      | HP: 3/70 [hornet (9)]
  2891 | D:7      | HP: 1/70 [poisoned by a hornet]
  2891 | D:7      | Slain by a hornet

Illustrated notes

Levels and vault maps discovered:
D:1:      minmay_arrival_glassed_features, layout_rooms, nrook_mini_backslash
D:2:      layout_rooms, uniq_sigmund
D:3:      layout_loops_corners, lemuel_zombie_altar_yredelemnul,
          uniq_crazy_yiuf_cottage, uniq_ijyb
D:4:      layout_loops_ring, lemuel_crystal_altar, minmay_temple_entry_poolview,
          minmay_misc_feat_diagonals
D:5:      layout_gridville, first_ration, kennysheep_decorative_pillar,
          minmay_stone_trees_small
D:6:      kb_forest_paths, layout_basic, lemuel_coloured_pillars_altar,
          lemuel_doored_altar
D:7:      kennysheep_orc_sif_temple, layout_basic,
          eat_drink_and_be_merry_uskayaw, the_bakery, uniq_menkaure

Skill      XL: |  1  2  3  4  5  6  7  8 |
---------------+-------------------------+-----
Axes           | 3 5 6 8 9 |  9.3
Fighting       | 4 5 |  5.9
Armour         | 4 5 |  5.6
Shields        | 4 5 |  5.3
Dodging        | 1 |  1.2

Action                   |  1- 3 |  4- 6 |  7- 9 || total
-------------------------+-------+-------+-------++-------
Melee: War axe           |    63 |    34 |   106 ||   203
       Battleaxe         |       |       |   108 ||   108
  Use: Potion            |     1 |     2 |     3 ||     6
       Scroll            |       |       |     7 ||     7
  Eat: Ration            |       |       |     2 ||     2
Armor: Chain mail        |    51 |    19 |     9 ||    79
       Scale mail        |     2 |       |       ||     2
       Plate armour      |       |       |   249 ||   249
Dodge: Dodged            |    17 |     5 |    83 ||   105
Block: Kite shield       |    36 |    20 |    57 ||   113
